 Dungeon Crawl Stone Soup version 0.28-a0-769-g550dbda0cd (webtiles) character file.

Game seed: 14257190113409917052

109 frimble the Ruffian (level 4, 0/44 HPs)
             Began as a Troll Warper on Oct 31, 2021.
             Slain by Natasha (7 damage)
             ... on level 2 of the Dungeon.
             The game lasted 00:01:24 (870 turns).

frimble the Ruffian (Troll Warper)                   Turns: 870, Time: 00:01:24

Health: 0/44       AC:  4    Str: 19      XL:     4   Next: 59%
Magic:  2/4        EV:  9    Int:  9 (10) God:
Gold:   76         SH:  0    Dex:  9      Spells: 3/5 levels left

rFire   . . .      SeeInvis .     - Unarmed
rCold   . . .      Faith    .   (no shield)
rNeg    . . .      Spirit   .   a - +0 robe
rPois   .          Reflect  .   (helmet restricted)
rElec   .          Harm     .   (no cloak)
rCorr   .          Rampage  .   (gloves unavailable)
Will    .....                   (boots unavailable)
Stlth   +.........              (no amulet)
HPRegen 1.14/turn               (no ring)
MPRegen 0.09/turn               (no ring)

@: very slightly contaminated, hasted and slowed, invisible
A: large, unfitting armour, claws 3, regeneration 1, shaggy fur 1, tough skin 1
a: no special abilities


You were on level 2 of the Dungeon.
You visited 1 branch of the dungeon, and saw 2 of its levels.

You collected 76 gold pieces.

Inventory:

Missiles
 c - 3 boomerangs of dispersal (quivered)
Armour
 a - a +0 robe (worn)
Scrolls
 b - a scroll of blinking
 d - a scroll of fog {unknown}
 e - a scroll of vulnerability {unknown}
 f - 2 scrolls of teleportation {unknown}


   Skills:
 + Level 2.3 Fighting
 + Level 2.1 Throwing
 - Level 1.9 Dodging
 + Level 3.0 Unarmed Combat
 - Level 1.2 Spellcasting
 + Level 2.7 Translocations


You had 3 spell levels left.
You knew the following spells:

 Your Spells              Type           Power      Damage    Failure   Level
a - Blink                 Tloc           10%        N/A       19%         2

Your spell library contained the following spells:

 Spells                   Type           Power      Damage    Failure   Level
 Gell's Gravitas          Tloc           2%         N/A       34%         3
 Lesser Beckoning         Tloc           5%         N/A       34%         3
 Teleport Other           Tloc           5%         N/A       34%         3
 Beastly Appendage        Tmut           0%         N/A       36%         1
 Wereblood                Tmut           0%         N/A       50%         2
 Conjure Flame            Conj/Fire      0%         6-21      73%         3
 Ignite Poison            Fire/Tmut/Pois 0%         N/A       73%         3
 Spider Form              Tmut/Pois      0%         N/A       73%         3
 Manifold Assault         Tloc           5%         N/A       97%         5
 Sticky Flame             Conj/Fire      0%         2d3       98%         4


Dungeon Overview and Level Annotations

Branches:
Dungeon (1/15)

Altars:
Fedhas

Annotations:
D:2 Natasha


Innate Abilities, Weirdness & Mutations

You are too large for most types of armour.
You have claws for hands.
Your natural rate of healing is unusually fast.
You are covered in fur. (AC +1)
You have tough skin. (AC +1)


Message History

Natasha is lightly wounded.
Natasha howls an incantation.
Natasha shimmers violently.
Natasha claws you. The crimson imp barely misses you.
You closely miss Natasha.
Natasha is lightly wounded.
Natasha zaps a wand.
The puff of flame hits you.
The crimson imp hits you but does no damage.
You closely miss Natasha.
Natasha is lightly wounded.
Natasha zaps a wand.
The puff of flame hits you!
* * * LOW HITPOINT WARNING * * *
The crimson imp hits you.
* * * LOW HITPOINT WARNING * * *
Casting: Blink (safe; 19% risk of failure)
Confirm with . or Enter, or press ? or * to list all spells.
You blink.
Natasha casts a spell at you.
You feel yourself slow down.
You claw Natasha!
Natasha is severely wounded.
The crimson imp disappears in a puff of smoke!
Natasha claws you.
* * * LOW HITPOINT WARNING * * *
Natasha claws you.
* * * LOW HITPOINT WARNING * * *
It was a potion of invisibility.
You fade into invisibility!
Natasha mumbles some strange words.
You feel troubled. Natasha claws you but does no damage.
You are very lightly contaminated with residual magic.
You closely miss Natasha.
Natasha is severely wounded.
Natasha claws you.
* * * LOW HITPOINT WARNING * * *
It was a potion of haste.
You feel yourself speed up.
You feel stable enough to blink again. Natasha closely misses you.
Natasha claws you!
You die...

##.###.####.#
#.###.# #.#
#.....# #.#
#####.# #.#
#.# #.# #.#
### #.#
#######.#
#.@h....#
#########


You could see Natasha.

Vanquished Creatures
  A scorpion (D:2)
  3 adders (D:2)
  2 worms (D:2)
  2 ball pythons
  2 endoplasms
  2 giant cockroaches (D:2)
  2 goblins (D:2)
  A hobgoblin (D:2)
  A kobold (D:2)
  2 bats (D:2)
  A rat (D:2)
19 creatures vanquished.

Notes
Turn   | Place    | Note
-------+----------+-------------------------------------------
     0 | D:1      | frimble the Troll Warper began the quest for the Orb.
     0 | D:1      | Reached XP level 1. HP: 19/19 MP: 1/1
    69 | D:1      | Reached skill level 1 in Throwing
   146 | D:1      | You fall into a shaft and drop 1 floor!
   206 | D:2      | Noticed a scorpion
   215 | D:2      | Reached XP level 2. HP: 26/28 MP: 2/2
   224 | D:2      | Killed a scorpion
   225 | D:2      | Reached XP level 3. HP: 21/35 MP: 3/3
   225 | D:2      | Reached XP level 4. HP: 25/42 MP: 4/4
   415 | D:2      | Found a blossoming altar of Fedhas.
   458 | D:2      | Learned a level 2 spell: Blink
   742 | D:2      | Reached skill level 3 in Unarmed Combat
   849 | D:2      | Noticed Natasha
   870 | D:2      | Slain by Natasha

Illustrated notes

Levels and vault maps discovered:
D:1:      tarquinn_simple_flora_water_c, layout_basic,
          shapermc_ecumenical_altar_acropolis
D:2:      minmay_angry_zag, layout_basic, basic_altar, uniq_natasha

Skill      XL: |  1  2  3  4 |
---------------+-------------+-----
Throwing       | 1 2 |  2.1
Fighting       | 2 |  2.3
Unarmed Combat | 3 |  3.0
Dodging        | |  1.9
Spellcasting   | |  1.2
Translocations | |  2.7

Action                   |  1- 3 |  4- 6 || total
-------------------------+-------+-------++-------
Melee: Unarmed           |    13 |    70 ||    83
       Punch             |       |     2 ||     2
Throw: Boomerang         |     2 |       ||     2
 Cast: Blink             |       |     1 ||     1
  Use: Potion            |     1 |     2 ||     3
Armor: Robe              |     2 |    24 ||    26
Dodge: Dodged            |     6 |    27 ||    33

Table legend: (Time is in decaauts)
 A = Elapsed time spent in this place.
 B = Non-inter-level travel time spent in this place.
 C = Inter-level travel time spent in this place.
 D = Time resting spent in this place.
 E = Time spent auto-exploring this place.
 F = Levels seen in this place.
 G = Mean time per level.
                   A        B        C        D        E       F      G
               +--------+--------+--------+--------+--------+-----+--------+
         Total |    867 |    867 |      0 |      0 |    683 |   2 |  433.5 |
       Dungeon |    867 |    867 |      0 |      0 |    683 |   2 |  433.5 |
               +--------+--------+--------+--------+--------+-----+--------+

Top non-repeatable levels by time:
     D:2: 721 daAuts
     D:1: 146 daAuts
